 Dungeon Crawl Stone Soup version 0.22.0-16-gc6d26f6 (webtiles) character file.

1766 Gearfox the Basher (level 8, -2/70 HPs)
             Began as a Minotaur Berserker on Aug 17, 2018.
             Was a Priest of Trog.
             Slain by Duvessa
             ... wielding a +0 rapier
              (13 damage)
             ... on level 7 of the Dungeon.
             The game lasted 00:48:11 (6611 turns).

Gearfox the Basher (Minotaur Berserker)             Turns: 6611, Time: 00:48:13

Health: -2/70      AC: 12    Str: 22    XL:     8   Next: 79%
Magic:  7/7        EV: 12    Int:  4    God:    Trog [***...]
Gold:   129        SH:  0    Dex: 12    Spells: 7/7 levels left

rFire    . . .     SeeInvis .   e - +1 mace
rCold    . . .     Gourm    .   (no shield)
rNeg     . . .     Faith    .   z - +3 ring mail {rPois}
rPois    +         Spirit   .   (helmet restricted)
rElec    .         Reflect  .   (no cloak)
rCorr    .         Harm     .   f - +0 pair of gloves
MR       .....                  d - +0 pair of boots
Stlth    +.........             (no amulet)
HPRegen  0.21/turn              (no ring)
MPRegen  0.10/turn              (no ring)

@: lethally poisoned (-2 -> -4), berserk cooldown, slowed, very slow
A: retaliatory headbutt, horns 2
a: Berserk, Trog's Hand, Renounce Religion


You were on level 7 of the Dungeon.
You worshipped Trog.
Trog was most pleased with you.
You were not hungry.

You visited 2 branches of the dungeon, and saw 8 of its levels.

You collected 297 gold pieces.
You spent 168 gold pieces at shops.

Inventory:

Hand Weapons
 e - a +1 mace (weapon)
 j - a +2 hunting sling of velocity
 m - a +0 dagger of speed
 t - a +0 flail
 w - a +0 war axe
Armour
 b - a +0 animal skin
 d - a +0 pair of boots (worn)
 f - a +0 pair of gloves (worn)
 g - a +0 chain mail
 p - a +0 ring mail
 z - a +3 ring mail of poison resistance (worn)
Jewellery
 q - a cursed ring of teleportation
 B - an uncursed ring of wizardry
Wands
 x - a wand of iceblast (14)
Scrolls
 n - 2 scrolls of remove curse
 s - 3 scrolls of teleportation
 u - a scroll of enchant armour
 y - a scroll of magic mapping
 A - a scroll of random uselessness
Potions
 a - a potion of berserk rage {unknown}
 h - a potion of invisibility {unknown}
 i - 3 potions of heal wounds {i}
 k - 3 potions of haste
 l - 3 potions of curing {unknown}
 r - 2 potions of might {unknown}
 v - a potion of lignification {unknown}
Comestibles
 c - a ration


   Skills:
 + Level 6.0 Fighting
 + Level 0.2(6.4) Axes
 * Level 10.2(10.3) Maces & Flails
 * Level 7.9 Armour
 + Level 3.2 Dodging
 + Level 1.1 Stealth


You had 7 spell levels left.
You didn't know any spells.
Your spell library was empty.

Dungeon Overview and Level Annotations

Branches:
Dungeon (7/15)             Temple (1/1) D:4

Altars:
Ashenzari
Dithmenos
Elyvilon
Fedhas
Gozag
Hepliaklqana
Kikubaaqudgha
Makhleb
Okawaru
Qazlal
Ru
Sif Muna
Uskayaw
Vehumet
Wu Jian
Xom
Yredelemnul
Zin
The Shining One
Jiyva

Shops:
D:4 [   D:5 :?(:*   D:6 ?

Annotations:
D:7 Duvessa


Innate Abilities, Weirdness & Mutations

You reflexively headbutt those who attack you in melee.
You have a pair of horns on your head.


Message History

Duvessa goes berserk!
You feel sick. Duvessa closely misses you. The worker ant barely misses you.
You furiously retaliate!
You headbutt the worker ant. Duvessa closely misses you.
You hit Duvessa but do no damage.
Duvessa is lightly wounded.
The worker ant closely misses you. Duvessa barely misses you.
The worker ant bites you but does no damage.
Duvessa hits you with a rapier!
* * * LOW HITPOINT WARNING * * *
You hit Duvessa.
Duvessa is lightly wounded.
You feel sick. Duvessa hits you but does no damage.
The worker ant closely misses you.
You closely miss Duvessa. You headbutt Duvessa!
Duvessa is moderately wounded.
Duvessa hits you with a rapier!
* * * LOW HITPOINT WARNING * * *
The worker ant bites you but does no damage.
Duvessa hits you with a rapier!
You die...

#.##.......#......
##..#.......#......
..................
###........#.......
...........#.......
###...............#
#...#..###..#.....#
##..........#..#####
#..@e..........#
.......)a†))..)†...#####
...........#+####.......
...........# #.......
...........# #.......
...#.......# #.......
..##.......# #....... ##
#>....... ........
#.......


You could see Duvessa (berserk) and a worker ant.

Vanquished Creatures
  Grinder (D:3)
  An ice beast (D:6)
  A phantom (D:4)
  A necrophage (D:6)
  4 ogres
  A bullfrog (D:6)
  Dowan (D:7)
  4 scorpions
  The ghost of p0werm0de the Skirmisher, a weakling VSWn (D:3)
  2 centaur zombies
  A quasit (D:6)
  A hound (D:2)
  6 orc wizards
  A bullfrog skeleton (D:6)
  Jessica (D:3)
  A worker ant (D:4)
  2 iguanas (D:6)
  2 hound skeletons
  A worker ant zombie (D:5)
  6 adders
  2 shadow imps
  2 oozes
  An adder zombie (D:5)
  2 worms
  A leopard gecko (D:1)
  14 orcs
  6 bats
  3 giant cockroaches
  2 goblins (D:1)
  7 hobgoblins
  5 jackals
  5 kobolds
  A quokka (D:7)
  A ball python (D:3)
  3 frilled lizards
  A leopard gecko skeleton (D:6)
  A leopard gecko zombie (D:5)
  A quokka skeleton (D:5)
  14 rats
111 creatures vanquished.

Notes
Turn   | Place    | Note
-------+----------+-------------------------------------------
     0 | D:1      | Gearfox the Minotaur Berserker began the quest for the Orb.
     0 | D:1      | Reached XP level 1. HP: 19/19 MP: 0/0
   242 | D:1      | Reached XP level 2. HP: 27/27 MP: 1/1
   399 | D:1      | Reached skill level 4 in Maces & Flails
   719 | D:1      | Reached XP level 3. HP: 34/34 MP: 2/2
   990 | D:2      | Reached ** piety under Trog
  1082 | D:2      | Reached skill level 5 in Fighting
  1082 | D:2      | Reached XP level 4. HP: 28/42 MP: 3/3
  1886 | D:2      | Reached skill level 5 in Maces & Flails
  1903 | D:2      | Found a stormy altar of Qazlal.
  1988 | D:3      | Found a shattered altar of Ashenzari.
  2045 | D:3      | Noticed Grinder
  2054 | D:3      | Killed Grinder
  2054 | D:3      | Reached skill level 6 in Maces & Flails
  2054 | D:3      | Reached XP level 5. HP: 48/48 MP: 4/4
  2054 | D:3      | Reached XP level 6. HP: 56/56 MP: 5/5
  2492 | D:3      | Noticed Jessica
  2497 | D:3      | Killed Jessica
  2681 | D:3      | Found a runed door.
  2685 | D:3      | Noticed p0werm0de's ghost (weakling VSWn)
  2704 | D:3      | Killed p0werm0de's ghost
  3053 | D:4      | Reached skill level 5 in Armour
  3055 | D:4      | Reached skill level 7 in Maces & Flails
  3163 | D:4      | Found a staircase to the Ecumenical Temple.
  3224 | D:4      | Reached XP level 7. HP: 53/61 MP: 6/6
  3322 | D:4      | Found Syquq's Antique Armour Shop.
  3366 | D:4      | Bought a shiny ring mail for 168 gold pieces
  3495 | D:4      | Found a shimmering altar of Xom.
  4360 | Temple   | Entered the Ecumenical Temple
  4651 | D:5      | Entered Level 5 of the Dungeon
  4651 | D:5      | Found Vuhuniro's General Store.
  4688 | D:5      | Found Hatim's Book Boutique.
  4756 | D:5      | Reached skill level 8 in Maces & Flails
  4854 | D:5      | Found a sacrificial altar of Ru.
  4919 | D:5      | Found Uqur's Antique Weapon Boutique.
  5044 | D:5      | Found Tuopink's Magic Scroll Shoppe.
  5078 | D:5      | Found Ythuef's Book Shop.
  5175 | D:5      | Found a shadowy altar of Dithmenos.
  5183 | D:5      | Found an ornate altar of the Wu Jian Council.
  5184 | D:5      | Found a radiant altar of Vehumet.
  5189 | D:5      | Found an opulent altar of Gozag.
  5367 | D:6      | Reached XP level 8. HP: 52/69 MP: 7/7
  5449 | D:6      | Reached skill level 1 in Stealth
  5465 | D:6      | Reached skill level 9 in Maces & Flails
  5744 | D:6      | Reached *** piety under Trog
  6080 | D:6      | Found Utaicysk's Magic Scroll Boutique.
  6190 | D:6      | Found a burning altar of Makhleb.
  6352 | D:6      | Found an iron altar of Okawaru.
  6562 | D:7      | Reached skill level 10 in Maces & Flails
  6590 | D:7      | Noticed Duvessa
  6590 | D:7      | Noticed Dowan
  6608 | D:7      | Killed Dowan
  6611 | D:7      | Slain by Duvessa

Skill      XL: |  1  2  3  4  5  6  7  8 |
---------------+-------------------------+-----
Fighting       | 4 5 6 |  6.0
Maces & Flails | 4 6 7 8 10 | 10.2
Armour         | 3 4 5 6 7 |  7.9
Stealth        | 1 |  1.1
Dodging        | 3 |  3.2
Axes           | |  0.2

Action                   |  1- 3 |  4- 6 |  7- 9 || total
-------------------------+-------+-------+-------++-------
Melee: Mace              |    66 |    42 |   172 ||   280
       Headbutt          |     9 |    18 |    37 ||    64
       Dagger            |       |     5 |       ||     5
       Hand axe          |       |    29 |       ||    29
       Flail             |       |     8 |       ||     8
Invok: Berserk           |       |     3 |     3 ||     6
  Use: Scroll            |       |     2 |    13 ||    15
  Eat: Ration            |       |     3 |     4 ||     7
Armor: Leather armour    |     2 |       |       ||     2
       Animal skin       |     1 |       |       ||     1
       Chain mail        |    36 |    64 |       ||   100
       Ring mail         |       |       |    83 ||    83
Dodge: Dodged            |    37 |    47 |   128 ||   212
